 Dungeon Crawl Stone Soup version 0.18-a0-1747-g18c4181 (webtiles) character file.

1592 andalon the Cleaver (level 8, -11/73 HPs)
             Began as a Minotaur Fighter on Apr 12, 2016.
             Was an Initiate of Dithmenos.
             Mangled by an orc warrior
             ... wielding a +0 war axe
              (25 damage)
             ... on level 6 of the Dungeon.
             The game lasted 00:22:41 (4703 turns).

andalon the Cleaver (Minotaur Fighter)              Turns: 4703, Time: 00:22:42

Health: -11/73     AC: 11    Str: 23    XL:     8   Next: 61%
Magic:  7/7        EV: 13    Int:  5    God:    Dithmenos [......]
Gold:   677        SH: 12    Dex: 10    Spells: 0 memorised, 7 levels left

rFire  . . .     SeeInvis .     t - +2 war axe (pain)
rCold  . . .     Gourm    .     b - +0 scale mail
rNeg   . . .     Faith    .     c - +2 shield
rPois  .         Spirit   .     (helmet restricted)
rElec  .         Dismiss  .     (no cloak)
rCorr  .         Reflect  .     (no gloves)
SustAt .         Harm     .     (no boots)
MR     .....                    (no amulet)
Stlth  ..........               m - +4 ring of protection
                                h - +4 ring of evasion

@: slowed, very slow, not resistant to hostile enchantments, extremely
unstealthy
A: retaliatory headbutt, horns 2
a: Renounce Religion


You were on level 6 of the Dungeon.
You worshipped Dithmenos.
Dithmenos was noncommittal.
You were not hungry.

You visited 1 branch of the dungeon, and saw 6 of its levels.

You collected 695 gold pieces.
You paid 18 gold pieces to Gozag.

Inventory:

Hand Weapons
 a - a +1 war axe
 t - a +2 war axe of pain (weapon)
Missiles
 g - 154 stones (quivered)
 k - 8 bolts of frost
 l - 27 arrows of flame
 o - 74 arrows
 r - 5 javelins
 u - 4 needles of sleeping
 E - 9 tomahawks
Armour
 b - a +0 scale mail (worn)
 c - a +2 shield (worn)
Jewellery
 h - a +4 ring of evasion (left hand)
 i - an uncursed ring of flight {unknown}
 j - an uncursed ring of sustain attributes
 m - a +4 ring of protection (right hand)
 q - an uncursed ring of poison resistance {unknown}
 y - an uncursed amulet of magic regeneration
Wands
 C - a wand of slowing (31/48)
Scrolls
 e - 5 scrolls of remove curse
 p - a scroll of teleportation
 w - a scroll of blinking
Potions
 d - a potion of might
 x - a potion of brilliance
 A - 3 potions of curing
 D - a potion of agility
Books
 z - a book of Summonings

   Spells                             Type                      Level
   a - Recall                         Summoning/Translocation      3
   b - Aura of Abjuration             Summoning                    5
   c - Summon Demon                   Summoning                    5
   d - Summon Forest                  Summoning/Translocation      5
   e - Summon Mana Viper              Hexes/Summoning              5
   f - Shadow Creatures               Summoning                    6
Comestibles
 f - 4 bread rations
 n - a beef jerky
 s - a meat ration
 B - 4 fruits


   Skills:
 * Level 7.2 Fighting
 * Level 8.0 Axes
 + Level 5.7 Armour
 + Level 4.0 Dodging
 + Level 0.6 Stealth
 + Level 6.4 Shields


You had 7 spell levels left.
You didn't know any spells.

Dungeon Overview and Level Annotations

Branches:
Dungeon (6/15)
 Temple: D:4-7

Altars:
Dithmenos
Gozag
Kikubaaqudgha
Nemelex Xobeh
Qazlal
Ru
Sif Muna
Zin


Innate Abilities, Weirdness & Mutations

You reflexively headbutt those who attack you in melee.
You have a pair of horns on your head.


Message History

You resist with some effort.
The orc warrior hits you with a war axe!!
* * * LOW HITPOINT WARNING * * *
The orc wizard misses you.
You hear a bark!
You closely miss the orc wizard. You headbutt the orc wizard.
The orc wizard is almost dead.
You barely miss the orc warrior.
The orc warrior is heavily wounded.
You block the orc warrior's attack. The orc wizard barely misses you.
You furiously retaliate!
You headbutt the orc wizard.
You kill the orc wizard!
Dithmenos accepts your kill.
Your Axes skill increases to level 8!
The orc warrior barely misses you.
You hit the orc warrior but do no damage.
The orc warrior is heavily wounded.
You block the orc warrior's attack. The orc warrior barely misses you.
The orc warrior hits you with a war axe!!
You die...

.... ######### #...
#.......# #.>.
#.#####.# #...
#######.#####.## #...
#.....#.##...... #...
#.###.#.##.##.##
#..o###.# #.........#
#..Zo@).# #..#...<###
#..{##)......#.##.#
.............)#.#.##.#
..............#.#.##..
..[...........#.#.####
####...##.......#.#
#... ....###.. #...
##### ..


You could see an orc warrior (berserk), an orc and an adder zombie.

Vanquished Creatures
  The ghost of inmateoo the Skirmisher, a novice MiNe of Okawaru (D:5)
  An ice beast (D:5)
  2 sky beasts (D:5)
  2 ogres (D:4)
  A giant frog (D:5)
  A water moccasin skeleton (D:5)
  The ghost of inmateoo the Skirmisher, a weakling MiNe (D:3)
  2 crimson imps (D:5)
  2 hounds
  2 orc priests
  5 orc wizards
  Jessica (D:2)
  An iguana (D:5)
  4 worker ants
  A killer bee zombie (D:3)
  A hound skeleton (D:4)
  7 adders
  An ooze (D:5)
  5 worms
  2 dart slugs (D:2)
  3 giant geckos
  11 orcs
  2 ball pythons
  7 bats
  2 giant cockroaches (D:4)
  6 goblins
  4 hobgoblins
  4 jackals
  7 kobolds
  A quokka (D:4)
  8 giant newts
  2 quokka skeletons (D:4)
  10 rats
  3 withered plants (D:4)
113 creatures vanquished.

Notes
Turn   | Place    | Note
--------------------------------------------------------------
     0 | D:1      | andalon the Minotaur Fighter began the quest for the Orb.
     0 | D:1      | Reached XP level 1. HP: 19/19 MP: 0/0
   463 | D:1      | Reached XP level 2. HP: 27/27 MP: 1/1
   938 | D:2      | Found a faded altar to an unknown god.
   943 | D:2      | Reached XP level 3. HP: 33/33 MP: 2/2
  1180 | D:2      | Reached skill level 1 in Dodging
  1565 | D:2      | Noticed Jessica
  1569 | D:2      | Reached XP level 4. HP: 40/40 MP: 3/3
  1575 | D:2      | Killed Jessica
  1575 | D:2      | Reached skill level 3 in Axes
  1610 | D:2      | Found a glowing silver altar of Zin.
  1612 | D:2      | Found a deep blue altar of Sif Muna.
  1612 | D:2      | Found an opulent altar of Gozag.
  1618 | D:2      | Found a stormy altar of Qazlal.
  1631 | D:2      | Became a worshipper of Gozag Ym Sagoz the Greedy
  2066 | D:3      | Noticed inmateoo's ghost (weakling MiNe)
  2076 | D:3      | Killed inmateoo's ghost
  2076 | D:3      | Reached XP level 5. HP: 28/47 MP: 4/4
  2227 | D:3      | Found a sparkling altar of Nemelex Xobeh.
  2304 | D:3      | Found a sacrificial altar of Ru.
  2897 | D:4      | Found an ancient bone altar of Kikubaaqudgha.
  3023 | D:4      | Reached skill level 4 in Axes
  3027 | D:4      | Reached skill level 5 in Fighting
  3031 | D:4      | Reached skill level 5 in Shields
  3031 | D:4      | Reached XP level 6. HP: 43/56 MP: 5/5
  3176 | D:4      | Reached skill level 5 in Axes
  3396 | D:4      | Reached XP level 7. HP: 60/61 MP: 6/6
  3639 | D:5      | Entered Level 5 of the Dungeon
  3683 | D:5      | Reached skill level 6 in Axes
  3683 | D:5      | Reached skill level 5 in Armour
  3986 | D:5      | Noticed inmateoo's ghost (novice MiNe)
  4017 | D:5      | Killed inmateoo's ghost
  4017 | D:5      | Reached skill level 7 in Axes
  4017 | D:5      | Reached XP level 8. HP: 22/71 MP: 7/7
  4377 | D:5      | Found a shadowy altar of Dithmenos.
  4633 | D:5      | Fell from the grace of Gozag
  4635 | D:5      | Became a worshipper of Dithmenos the Shadowed
  4702 | D:6      | Reached skill level 8 in Axes
  4703 | D:6      | Mangled by an orc warrior

Vault maps used:
D:1:      dpeg_arrival_three_bigger_balls, glass_columns_a, minmay_hedge_maze,
          st_stairs_8, dk_noncrumbling_4
D:2:      minitemple, ecumenical_altar_2, uniq_jessica
D:3:      old_standard_altar, nemelex_xobeh_ov_fountains_minmay,
          minmay_misc_feat_cross
D:4:      kiku_gazebo_garden_becter, first_bread
D:5:      old_standard_altar
D:6:      minmay_flawed_box, temple_doors_e, uniq_pikel

Skill      XL: |  1  2  3  4  5  6  7  8 |
---------------+-------------------------+-----
Fighting       | 4 5 6 7 |  7.2
Armour         | 4 5 |  5.7
Shields        | 4 5 6 |  6.4
Dodging        | 1 2 3 4 |  4.0
Axes           | 3 4 5 7 8 |  8.0
Stealth        | |  0.6

Action                   |  1- 3 |  4- 6 |  7- 9 || total
-------------------------+-------+-------+-------++-------
Melee: War axe           |   131 |   112 |   135 ||   378
       Headbutt          |    22 |    30 |    27 ||    79
Invok: Renounce Religion |       |       |     1 ||     1
  Use: Scroll            |     4 |     4 |     7 ||    15
       Potion            |       |     3 |     2 ||     5
  Eat: Chunk             |     2 |     1 |       ||     3
       Bread ration      |       |     1 |     1 ||     2
       Beef jerky        |       |       |     1 ||     1
Armor: Scale mail        |    55 |    22 |    40 ||   117
Dodge: Dodged            |    34 |    32 |    59 ||   125
Block: Shield            |    74 |    54 |    83 ||   211
